 Dungeon Crawl Stone Soup version 0.16-a0-286-g6bac339 (webtiles) character file.

2698 Kashira the Cloud Mage (level 9, -1/48 HPs)
             Began as a Tengu Air Elementalist on Aug 28, 2014.
             Was a Believer of Qazlal.
             Slain by an adder (2 damage)
             ... while paralysed
             ... on Level 8 of the Dungeon.
             The game lasted 00:49:50 (6954 turns).

Kashira the Cloud Mage (Tengu Air Elementalist)     Turns: 6954, Time: 00:49:51

HP  -1/48        AC  4     Str  8      XL: 9   Next: 65%
MP   0/25        EV  2     Int 24      God: Qazlal [**....]
Gold 188         SH  0     Dex 14      Spells:  6 memorised,  5 levels left

rFire  . . .     SeeInvis .     w - +2 dagger (speed)
rCold  . . .     Clarity  .     a - +1 robe
rNeg   . . .     rCorr    .     (no shield)
rPois  .         rRot     .     (helmet restricted)
rElec  .         Spirit   +     (no cloak)
SustAb .         Warding  .     q - +0 pair of gloves
rMut   .         Rnd*Tele +     (boots unavailable)
Gourm  .                        l - amulet of guardian spirit
MR     .....                    v - cursed ring of teleportation
                                u - +4 ring of intelligence

@: paralysed, lethally poisoned, exhausted, starving, not resistant to hostile
enchantments, unstealthy
A: able to fly, beak, talons 3
a: Fly, Upheaval, Renounce Religion, Evoke Teleportation


You were on level 8 of the Dungeon.
You worshipped Qazlal.
Qazlal was pleased with you.
You were starving.

You visited 1 branch of the dungeon, and saw 8 of its levels.

You collected 347 gold pieces.
You spent 159 gold pieces at shops.

Inventory:

Hand weapons
 i - a +0 short sword
 w - a +2 dagger of speed (weapon)
Missiles
 y - 18 poisoned needles
Armour
 a - a +1 robe (worn)
 q - a +0 pair of gloves (worn)
Magical devices
 x - a wand of flame (13)
Comestibles
 c - 5 bread rations
 g - 8 slices of pizza
 j - a meat ration
 s - 3 beef jerkies
Scrolls
 e - a scroll of recharging
 f - a scroll of amnesia
 h - 6 scrolls of identify
 m - a scroll of teleportation
 o - a scroll of enchant armour
Jewellery
 l - an amulet of guardian spirit (around neck)
 u - a +4 ring of intelligence (left hand)
 v - a cursed ring of teleportation (right hand)
Potions
 k - 4 potions of heal wounds
 n - a potion of curing
 r - a potion of brilliance
 t - a potion of poison {unknown}
 z - a potion of restore abilities {unknown}
 B - a potion of might
 C - a potion of berserk rage
 D - a potion of cure mutation {unknown}
Books
 b - a book of Air

   Spells                             Type                      Level
   *Shock                             Conjuration/Air              1
   *Swiftness                         Charms/Air                   2
   Repel Missiles                     Charms/Air                   2
   Flight                             Charms/Air                   3
   Static Discharge                   Conjuration/Air              3
   Lightning Bolt                     Conjuration/Air              5
 p - a book of Envenomations

   Spells                             Type                      Level
   *Spider Form                       Transmutation/Poison         3
   Alistair's Intoxication            Transmutation/Poison         4
   Olgreb's Toxic Radiance            Poison                       4
   Poisonous Cloud                    Conjuration/Poison/Air       6
 A - a book of Flames

   Spells                             Type                      Level
   Flame Tongue                       Conjuration/Fire             1
   Throw Flame                        Conjuration/Fire             2
   *Conjure Flame                     Conjuration/Fire             3
   *Inner Flame                       Hexes/Fire                   3
   *Sticky Flame                      Conjuration/Fire             4
   Fireball                           Conjuration/Fire             5
 E - a book of Changes

   Spells                             Type                      Level
   Beastly Appendage                  Transmutation                1
   Sticks to Snakes                   Transmutation                2
   *Spider Form                       Transmutation/Poison         3
   Ice Form                           Ice/Transmutation            4
   Blade Hands                        Transmutation                5


   Skills:
 + Level 2.2 Fighting
 + Level 1.3 Short Blades
 + Level 0.9 Throwing
 + Level 4.4 Dodging
 + Level 3.2 Stealth
 + Level 6.9 Spellcasting
 + Level 8.7 Conjurations
 + Level 0.1 Charms
 + Level 0.1 Transmutations
 + Level 0.4 Fire Magic
 + Level 9.1 Air Magic
 + Level 0.2 Evocations


You had 5 spell levels left.
You knew the following spells:

 Your Spells              Type           Power        Failure   Level  Hunger
a - Shock                 Conj/Air       ####         1%          1    None
b - Swiftness             Chrm/Air       ####....     1%          2    None
c - Spider Form           Trmt/Pois      #.........   24%         3    None
d - Sticky Flame          Conj/Fire      ####....     14%         4    ###....
e - Conjure Flame         Conj/Fire      ####....     3%          3    None
f - Inner Flame           Hex/Fire       #.......     24%         3    None


Dungeon Overview and Level Annotations

Branches:
Dungeon (8/15)
 Temple: D:4-7         Lair: D:8-11

Altars:
Elyvilon
Nemelex Xobeh
Okawaru
Qazlal
Vehumet
Xom

Shops:
D:4 (*!

Annotations:
D:4 Sigmund


Innate Abilities, Weirdness & Mutations

You can fly.
You have a beak for a mouth.
You have claws for feet.


Message History

The adder bites you. The hungry ghost hits you.
* * * LOW HITPOINT WARNING * * *
You feel slightly more hungry. The adder bites you.
* * * LOW HITPOINT WARNING * * *
You are lethally poisoned!
The adder poisons you!
* * * LOW HITPOINT WARNING * * *
You feel sick. The hungry ghost barely misses you. The adder bites you.
* * * LOW HITPOINT WARNING * * *
You are more poisoned.
The adder poisons you!
* * * LOW HITPOINT WARNING * * *
You feel sick. The adder bites you.
* * * LOW HITPOINT WARNING * * *
The hungry ghost hits you.
* * * LOW HITPOINT WARNING * * *
You feel slightly more hungry.
* * * LOW HITPOINT WARNING * * *
You feel sick. The adder bites you.
You die...

#...#
##..########
#.### ##.(.##
#####.#####.....#
#..........<...##
#.###.#######.##
#.######...##
..<...$.....#
...######.SW.#
..... ##@#.#
.#%... #.#.#
####. #.#.# #.#.#
#.#.# #.#.# #.#.#
#.#.# #..[#


You could see a hungry ghost and an adder.

Vanquished Creatures
  A wyvern (D:8)
  Grum (D:8)
  A human (D:8)
  A yak (D:8)
  4 wolves (D:8)
  A black bear (D:8)
  2 orc warriors
  2 ogres
  A centaur (D:6)
  A big kobold (D:8)
  A giant frog (D:8)
  A wight (D:6)
  9 crimson imps
  An orc priest (D:7)
  3 hounds
  6 orc wizards
  3 worker ants
  3 sheep (D:8)
  Jessica (D:2)
  5 adders
  4 gnolls (D:8)
  A giant mite (D:2)
  3 worms
  An iguana skeleton (D:7)
  2 giant geckos
  22 orcs
  18 bats
  5 giant cockroaches
  9 goblins
  12 hobgoblins
  11 jackals
  15 kobolds
  2 ball pythons
  A kobold skeleton (D:4)
  An orc skeleton (D:4)
  6 quokkas
  14 rats
175 creatures vanquished.

Notes
Turn   | Place    | Note
--------------------------------------------------------------
     0 | D:1      | Kashira, the Tengu Air Elementalist, began the quest for the Orb.
     0 | D:1      | Reached XP level 1. HP: 10/10 MP: 3/3
   284 | D:1      | Reached XP level 2. HP: 10/15 MP: 0/5
  1030 | D:1      | Reached XP level 3. HP: 20/20 MP: 0/7
  1319 | D:2      | Noticed Jessica
  2037 | D:2      | Learned a level 2 spell: Swiftness
  2041 | D:2      | Learned a level 3 spell: Spider Form
  2112 | D:2      | Killed Jessica
  2112 | D:2      | Reached XP level 4. HP: 18/24 MP: 0/9
  2497 | D:3      | Found a radiant altar of Vehumet.
  3009 | D:3      | Found an iron altar of Okawaru.
  3212 | D:4      | Reached skill level 5 in Air Magic
  3212 | D:4      | Reached XP level 5. HP: 28/28 MP: 9/12
  3483 | D:4      | Noticed an ogre
  3496 | D:4      | Killed an ogre
  3496 | D:4      | Reached skill level 1 in Fighting
  3496 | D:4      | Reached XP level 6. HP: 32/34 MP: 3/15
  3661 | D:4      | Found Deucs' Distillery.
  3684 | D:4      | Bought a potion of confusion for 11 gold pieces
  3684 | D:4      | Bought a potion of might for 27 gold pieces
  3684 | D:4      | Bought 2 potions of berserk rage for 66 gold pieces
  3684 | D:4      | Bought a potion of heal wounds for 33 gold pieces
  3684 | D:4      | Bought a potion of curing for 22 gold pieces
  3695 | D:4      | Noticed Sigmund
  4001 | D:4      | Found a shimmering altar of Xom.
  4020 | D:4      | Reached skill level 1 in Short Blades
  4167 | D:4      | Reached skill level 6 in Air Magic
  4167 | D:4      | Reached XP level 7. HP: 38/38 MP: 5/17
  4339 | D:5      | Entered Level 5 of the Dungeon
  4363 | D:5      | Found a stormy altar of Qazlal.
  4374 | D:5      | Became a worshipper of Qazlal Stormbringer
  4387 | D:4      | Found Thrienuilo's Weapon Emporium.
  4499 | D:4      | Found Arerruim's Assorted Antiques.
  5077 | D:5      | Acquired Qazlal's first power
  5093 | D:5      | Reached skill level 5 in Conjurations
  5166 | D:6      | Found a sparkling altar of Nemelex Xobeh.
  5179 | D:6      | Reached skill level 7 in Air Magic
  5240 | D:6      | Found a white marble altar of Elyvilon.
  5506 | D:7      | Reached XP level 8. HP: 43/43 MP: 16/20
  5936 | D:8      | Reached skill level 5 in Spellcasting
  5987 | D:8      | Acquired Qazlal's second power
  6091 | D:8      | Learned a level 4 spell: Sticky Flame
  6095 | D:8      | Learned a level 3 spell: Conjure Flame
  6099 | D:8      | Learned a level 3 spell: Inner Flame
  6137 | D:8      | Reached skill level 8 in Air Magic
  6148 | D:8      | Noticed Grum
  6154 | D:8      | Killed Grum
  6159 | D:8      | Reached XP level 9. HP: 34/47 MP: 4/24
  6609 | D:8      | Reached skill level 9 in Air Magic
  6953 | D:8      | HP: 2/48 [hungry ghost (1)]
  6954 | D:8      | Slain by an adder

Action                   |  1- 3 |  4- 6 |  7- 9 || total
-------------------------+-------+-------+-------++-------
Melee: Short sword       |    15 |     8 |       ||    23
       Dagger            |       |    14 |    42 ||    56
       Unarmed           |       |       |     9 ||     9
Throw: Stone             |     7 |       |     4 ||    11
 Cast: Shock             |    88 |   143 |   268 ||   499
       Conjure Flame     |       |       |     8 ||     8
       Swiftness         |       |       |     2 ||     2
       Spider Form       |       |       |     1 ||     1
 Abil: Fly               |       |       |     1 ||     1
Evoke: Wand              |       |       |     9 ||     9
  Use: Scroll            |     2 |       |     7 ||     9
       Potion            |       |       |     2 ||     2
 Stab: Fleeing           |       |       |     1 ||     1
  Eat: Chunk             |     5 |     3 |     5 ||    13
       Bread ration      |       |     1 |       ||     1
       Meat ration       |       |       |     1 ||     1
       Beef jerky        |       |       |     1 ||     1
